 Dungeon Crawl Stone Soup version 0.22-a0-750-ga7dcef7 (webtiles) character file.

43 digijack the Stinger (level 3, -3/21 HPs)
             Began as an Octopode Venom Mage on July 15, 2018.
             Slain by a gnoll
             ... wielding a +0 club
              (7 damage)
             ... on level 2 of the Dungeon.
             The game lasted 00:07:24 (1176 turns).

digijack the Stinger (Octopode Venom Mage)          Turns: 1176, Time: 00:07:25

Health: -3/21      AC:  1    Str:  7    XL:     3   Next: 58%
Magic:  1/6        EV: 13    Int: 18    God:
Gold:   98         SH:  0    Dex: 12    Spells: 2/6 levels left

rFire    . . .     SeeInvis .   (no weapon)
rCold    . . .     Gourm    .   (no shield)
rNeg     . . .     Faith    .   (helmet restricted)
rPois    .         Spirit   .   (no amulet)
rElec    .         Reflect  .   (no ring)
rCorr    .         Harm     .   (no ring)
MR       .....                  (no ring)
Stlth    +++.......             (no ring)
HPRegen  0.07/turn              (no ring)
MPRegen  0.10/turn              (no ring)
                                (no ring)
                                (no ring)

@: hasted, very quick
A: almost no armour, stealthy swim, amphibious, 8 rings, constrict 8, camouflage
1, gelatinous body 1
a: no special abilities


You were on level 2 of the Dungeon.
You were hungry.

You visited 1 branch of the dungeon, and saw 2 of its levels.

You collected 98 gold pieces.

Inventory:

Potions
 g - a potion of brilliance
Comestibles
 a - a chunk of flesh
 b - 3 rations


   Skills:
 + Level 2.4 Dodging
 + Level 3.4 Stealth
 + Level 2.3 Spellcasting
 + Level 1.7 Conjurations
 + Level 4.0 Poison Magic


You had 2 spell levels left.
You knew the following spells:

 Your Spells              Type           Power        Failure   Level  Hunger
a - Sting                 Conj/Pois      ##..         5%          1    #......
c - Mephitic Cloud        Conj/Pois/Air  #.......     24%         3    ###....

Your spell library contained the following spells:

 Spells                   Type           Power        Failure   Level  Hunger
 Venom Bolt               Conj/Pois      ##........   83%         5    ######.
 Olgreb's Toxic Radiance  Pois           ###.....     32%         4    #####..
 Poisonous Vapours        Pois/Air       #.....       12%         2    ##.....


Dungeon Overview and Level Annotations

Branches:
Dungeon (2/15)

Altars:


Innate Abilities, Weirdness & Mutations

You cannot wear most types of armour.
You are very stealthy in the water. (Stealth+)
You are amphibious.
You can wear up to eight rings at the same time.
You can use your tentacles to constrict eight enemies at once.
Your skin changes colour to match your surroundings (Stealth+).
Your rubbery body absorbs attacks. (AC +1, EV +1)


Message History

Press: ? - help, Shift-Dir - straight line, f/p - gnoll
Aim: a gnoll, wielding a spear (severely wounded)
The sting hits the gnoll.
The gnoll is poisoned.
The gnoll is moderately wounded.
The gnoll misses you.
A kobold comes into view. It is wielding a dagger.
The gnoll closely misses you.
Unknown command.
Casting: Sting (safe; 5% risk of failure)
Confirm with . or Enter, or press ? or * to list all spells.
Aiming: Sting (safe; 5% risk of failure)
Press: ? - help, Shift-Dir - straight line, f/p - gnoll
Aim: a gnoll, wielding a spear (severely wounded)
The sting hits the gnoll.
The gnoll looks even sicker.
The gnoll is severely wounded.
The kobold shouts!
You hear a shout!
The gnoll hits you from afar with a spear!
* * * LOW HITPOINT WARNING * * *
You feel yourself speed up. The gnoll hits you with a club!
You die...

##..........#
#.###.##..##
##.###.#...#######
####................#
#.....#######)#####.
#.##.<# #)# #.##..#
#.##### #.##..#
#.....# #.###.# #@# #
#.# #.# #g# .#.# #.#
#.#######g##....# #.#
#................
#.###.#####...##.....
#.........?...# ....
#####.#####..K.......
#.# ........... #.#
.####.#### .


You could see 2 gnolls and a kobold.

Vanquished Creatures
  A gnoll (D:2)
  An adder (D:2)
  A dart slug (D:1)
  A leopard gecko (D:1)
  2 bats (D:1)
  A giant cockroach (D:1)
  5 goblins (D:1)
  2 hobgoblins (D:1)
  3 kobolds (D:1)
  A ball python (D:2)
  3 rats
21 creatures vanquished.

Notes
Turn   | Place    | Note
-------+----------+-------------------------------------------
     0 | D:1      | digijack the Octopode Venom Mage began the quest for the Orb.
     0 | D:1      | Reached XP level 1. HP: 11/11 MP: 3/3
   117 | D:1      | Reached XP level 2. HP: 16/17 MP: 1/5
   164 | D:1      | Learned a level 2 spell: Poisonous Vapours
   994 | D:2      | Reached skill level 4 in Poison Magic
   994 | D:2      | Reached XP level 3. HP: 16/21 MP: 3/6
  1077 | D:2      | Learned a level 3 spell: Mephitic Cloud
  1100 | D:2      | Found a faded altar of an unknown god.
  1176 | D:2      | Slain by a gnoll

Vault maps used:
D:1:      lightli_arrival_flooded_house, minmay_misc_feat_four_crosses
D:2:      old_standard_altar, chequers_ecumenical_altar_simple_redux,
          minmay_hedge_maze, uniq_robin

Skill      XL: |  1  2 |
---------------+-------+-----
Stealth        | 3 |  3.4
Poison Magic   | 4 |  4.0
Dodging        | |  2.4
Spellcasting   | |  2.3
Conjurations   | |  1.7

Action                   || total
-------------------------++-------
Melee: Unarmed           ||     6
       Constrict         ||     3
       Tentacles         ||     1
 Cast: Sting             ||    27
       Poisonous Vapours ||     8
  Use: Potion            ||     3
       Scroll            ||     4
  Eat: Chunk             ||     1
Armor: Skin              ||     1
Dodge: Dodged            ||     9

Table legend:
 A = Spawn XP
 B = Non-spawn XP
 C = Spawn XP percentage of total XP
 D = Spawn monster count
 E = Non-spawn monster count
 F = Spawn count percentage of total count
 G = Total turns spent on level
                    A         B        C        D         E        F      G
               +---------+---------+-------+---------+---------+-------+---------
         Total |       0 |      62 |   0.0 |       0 |      21 |   0.0 |  1176
               +---------+---------+-------+---------+---------+-------+---------
           D:1 |       0 |      33 |   0.0 |       0 |      17 |   0.0 |   985
           D:2 |       0 |      29 |   0.0 |       0 |       4 |   0.0 |   191
               +---------+---------+-------+---------+---------+-------+---------
